 Dungeon Crawl Stone Soup version 0.21.1-1-g345015f (webtiles) character file.

205 tidbits the Grave Robber (level 5, -5/37 HPs)
             Began as a Gnoll Necromancer on June 18, 2018.
             Killed by divine providence
             ... invoked by an orc priest
              (10 damage)
             ... on level 4 of the Dungeon.
             The game lasted 00:05:54 (671 turns).

tidbits the Grave Robber (Gnoll Necromancer)         Turns: 671, Time: 00:05:55

Health: -5/37      AC:  3    Str: 14    XL:     5   Next: 83%
Magic:  3/12       EV: 15    Int: 19    God:
Gold:   145        SH:  0    Dex: 15    Spells: 6/14 levels left

rFire    . . .     SeeInvis .   b - +0 spear
rCold    . . .     Gourm    .   (no shield)
rNeg     . . .     Faith    .   i - +0 robe
rPois    .         Spirit   .   (no helmet)
rElec    .         Reflect  .   (no cloak)
rCorr    .         Harm     .   (no gloves)
MR       +....                  F - +0 pair of boots
Stlth    +++.......             (no amulet)
HPRegen  0.12/turn              g - ring of protection from magic
MPRegen  0.13/turn              m - +4 ring of strength

@: no status effects
A: distributed training, fangs 1, strong nose
a: no special abilities


You were on level 4 of the Dungeon.
You were not hungry.

You visited 1 branch of the dungeon, and saw 5 of its levels.

You collected 145 gold pieces.

Inventory:

Hand Weapons
 a - a +0 dagger
 b - a +0 spear (weapon)
Missiles
 d - 11 sling bullets
 e - 67 arrows
Armour
 i - a +0 robe (worn)
 r - a +0 ring mail
 F - a +0 pair of boots (worn)
Jewellery
 g - a ring of protection from magic (left hand)
   (You found it on level 1 of the Dungeon)
 m - a +4 ring of strength (right hand)
   (You found it on level 2 of the Dungeon)
 w - an uncursed ring of fire
   (You found it on level 4 of the Dungeon)
Wands
 s - a wand of enslavement (8)
Scrolls
 h - 3 scrolls of amnesia
 j - a scroll of enchant armour {unknown}
 o - a scroll of noise {unknown}
 p - 2 scrolls of fear {unknown}
 u - a scroll of magic mapping {unknown}
 x - a scroll of teleportation {unknown}
 y - a scroll of identify {unknown}
Potions
 f - 2 potions of curing {unknown}
 k - a potion of magic {unknown}
 l - 2 potions of might {unknown}
 n - a potion of cancellation {unknown}
 t - a potion of invisibility {unknown}
 v - a potion of degeneration {unknown}
 z - a potion of agility {unknown}
Books
 q - a book of Necromancy

   Spells                             Type                      Level
   a - Pain                           Necromancy                   1
   b - Animate Skeleton               Necromancy                   1
   c - Vampiric Draining              Necromancy                   3
   d - Regeneration                   Charms/Necromancy            3
   e - Animate Dead                   Necromancy                   4
   f - Borgnjor's Vile Clutch         Necromancy/Earth             5
Comestibles
 c - 3 rations


   Skills:
 + Level 1.6 Fighting
 + Level 1.6 Short Blades
 + Level 1.6 Long Blades
 + Level 1.6 Axes
 + Level 1.6 Maces & Flails
 + Level 1.6 Polearms
 + Level 1.6 Staves
 + Level 1.6 Slings
 + Level 1.6 Bows
 + Level 1.6 Crossbows
 + Level 1.6 Throwing
 + Level 1.6 Armour
 + Level 4.8 Dodging
 + Level 4.4 Stealth
 + Level 1.6 Shields
 + Level 1.6 Unarmed Combat
 + Level 5.2 Spellcasting
 + Level 1.3 Conjurations
 + Level 1.3 Hexes
 + Level 1.3 Charms
 + Level 1.3 Summonings
 + Level 7.2 Necromancy
 + Level 1.3 Translocations
 + Level 1.3 Transmutations
 + Level 1.3 Fire Magic
 + Level 1.3 Ice Magic
 + Level 1.3 Air Magic
 + Level 1.3 Earth Magic
 + Level 1.3 Poison Magic
 + Level 1.8 Invocations
 + Level 1.6 Evocations


You had 6 spell levels left.
You knew the following spells:

 Your Spells              Type           Power        Failure   Level  Hunger
a - Pain                  Necr           ####         1%          1    None
d - Vampiric Draining     Necr           ####......   1%          3    ##.....
n - Animate Skeleton      Necr           N/A          1%          1    None
r - Regeneration          Chrm/Necr      ###.......   6%          3    ##.....


Dungeon Overview and Level Annotations

Branches:
Dungeon (5/15)
 Temple: D:4-7

Altars:
Sif Muna


Innate Abilities, Weirdness & Mutations

Your experience applies equally to all skills.
You have very sharp teeth.
Your uncanny sense of smell can sniff out nearby items.


Message History

Aiming: Pain
Press: ? - help, Shift-Dir - straight line, f/p - ogre
Aim: an ogre, wielding a giant club (almost dead, chance to defeat MR: 84%)
The ogre barely resists.
The ogre barely misses you.
Casting: Pain
Confirm with . or Enter, or press ? or * to list all spells.
Aiming: Pain
Press: ? - help, Shift-Dir - straight line, f/p - ogre
Aim: an ogre, wielding a giant club (almost dead, chance to defeat MR: 84%)
The ogre writhes in agony!
You kill the ogre!
You have reached level 5!
z - a puce potion
Found a scroll of amnesia.
You see here a scroll of amnesia.
h - 3 scrolls of amnesia (gained 1)
Casting: Pain
Confirm with . or Enter, or press ? or * to list all spells.
Your skin crawls.
Your skin is crawling a little less now.
Your skin stops crawling.
Found 18 gold pieces.
You see here a scroll labeled WYFOOZXAOSS.
y - a scroll labeled WYFOOZXAOSS
Casting: Regeneration
Confirm with . or Enter, or press ? or * to list all spells.
You miscast Regeneration.
You are very lightly contaminated with residual magic.
Your hands glow momentarily.
You see here 18 gold pieces.
You now have 145 gold pieces (gained 18).
Unknown command.
Found 12 stones.
Found a stone staircase leading up.
Found a deep blue altar of Sif Muna.
Unknown command.
An orc wizard comes into view.
It is wielding a dagger. 2 orcs and an orc priest come into view. 3 orcs come into view.
The orc wizard shouts!
The orc shouts! 2 orcs and an orc priest come into view.
Evoke which item? (* to show all) (? for menu, Esc to quit)
Aiming: Enslavement
Press: ? - help, Shift-Dir - straight line, f - orc wizard
Aim: an orc wizard, wielding a dagger and wearing a robe (chance to defeat MR: 50%)
The orc wizard is charmed.
The orc shouts!
The orc priest shouts!
The orc shouts!
Your magical contamination has completely faded away.
Wield which item (- for none, * to show all)? (? for menu, Esc to quit)
Okay, then.
Wield which item (- for none, * to show all)? (? for menu, Esc to quit)
b - a +0 spear (weapon)
You closely miss the orc. The orc hits you with a mace.
A quokka comes into view.
You hit the orc. Your bite misses the orc.
The orc is moderately wounded.
You closely miss the orc. Your bite misses the orc.
The orc is moderately wounded.
The orc barely misses you.
Unknown command.
Casting: Regeneration
Confirm with . or Enter, or press ? or * to list all spells.
Aiming: Pain
Press: ? - help, Shift-Dir - straight line, f - orc
Aim: an orc, wielding a mace and wearing a leather armour (moderately wounded, chance to defeat MR: 93%)
The orc writhes in agony!
The orc hits you with a mace.
Casting: Pain
Confirm with . or Enter, or press ? or * to list all spells.
Aiming: Pain
Press: ? - help, Shift-Dir - straight line, f/p - orc
Aim: an orc, wielding a mace and wearing a leather armour (heavily wounded, chance to defeat MR: 93%)
The orc barely resists.
The orc misses you.
Casting: Pain
Confirm with . or Enter, or press ? or * to list all spells.
Aiming: Pain
Press: ? - help, Shift-Dir - straight line, f/p - orc
Aim: an orc, wielding a mace and wearing a leather armour (heavily wounded, chance to defeat MR: 93%)
The orc writhes in agony!
You kill the orc!
The quokka closely misses you.
You hit the quokka. Your bite misses the quokka.
The quokka is severely wounded.
The quokka barely misses you.
You hit the quokka but do no damage. Your bite misses the quokka.
The quokka is severely wounded.
The quokka misses you.
You hit the quokka.
You kill the quokka!
The orc priest calls down the wrath of Beogh upon you.
Beogh smites you!
* * * LOW HITPOINT WARNING * * *
Casting: Pain
Confirm with . or Enter, or press ? or * to list all spells.
Aiming: Pain
Press: ? - help, Shift-Dir - straight line, f - orc priest
Aim: an orc priest, wielding a mace (chance to defeat MR: 84%)
The orc priest writhes in agony!
The orc priest mumbles some strange prayers to Beogh against you.
Beogh smites you!
You die...

.....##..##.#
......#..##.#
.........##.## ..o..
..o..(.#
...oo.##r##..#
.⌠o.oo∆......#
...o..##.##..###.####
..... #.##..........
..o. #o)@#.###.####
... ###.#.# ..
##....# . ##.....###.
#...........
##.....#.#.#
#....##.# #.#.## .#
######.#.# .# #


You could see an orc priest.

Vanquished Creatures
  An ogre (D:4)
  Ijyb (D:3)
  An iguana (D:5)
  A hound zombie (D:3)
  A worker ant zombie (D:3)
  2 adders
  An orc (D:4)
  A giant cockroach (D:1)
  5 goblins
  2 kobolds (D:1)
  2 quokkas
  2 bats (D:1)
  4 frilled lizards
  A quokka zombie (D:3)
  2 rats (D:1)
27 creatures vanquished.

Vanquished Creatures (others)
  An orc wizard (D:4)
1 creature vanquished.

Grand Total: 28 creatures vanquished

Notes
Turn   | Place    | Note
-------+----------+-------------------------------------------
     0 | D:1      | tidbits the Gnoll Necromancer began the quest for the Orb.
     0 | D:1      | Reached XP level 1. HP: 13/13 MP: 6/6
    48 | D:1      | Reached XP level 2. HP: 11/19 MP: 1/7
    51 | D:1      | Learned a level 1 spell: Animate Skeleton
   274 | D:2      | Reached XP level 3. HP: 15/25 MP: 5/9
   279 | D:2      | Learned a level 3 spell: Vampiric Draining
   283 | D:2      | Learned a level 3 spell: Regeneration
   347 | D:3      | Reached skill level 5 in Spellcasting
   414 | D:3      | Reached skill level 1 in Invocations
   424 | D:3      | Reached skill level 1 in Fighting
   424 | D:3      | Reached skill level 1 in Short Blades
   424 | D:3      | Reached skill level 1 in Long Blades
   424 | D:3      | Reached skill level 1 in Axes
   424 | D:3      | Reached skill level 1 in Maces & Flails
   424 | D:3      | Reached skill level 1 in Polearms
   424 | D:3      | Reached skill level 1 in Staves
   424 | D:3      | Reached skill level 1 in Slings
   424 | D:3      | Reached skill level 1 in Bows
   424 | D:3      | Reached skill level 1 in Crossbows
   424 | D:3      | Reached skill level 1 in Throwing
   424 | D:3      | Reached skill level 1 in Armour
   424 | D:3      | Reached skill level 1 in Shields
   424 | D:3      | Reached skill level 1 in Unarmed Combat
   424 | D:3      | Reached skill level 1 in Evocations
   424 | D:3      | Reached XP level 4. HP: 22/32 MP: 6/11
   472 | D:3      | Noticed Ijyb
   479 | D:3      | Killed Ijyb
   554 | D:5      | Entered Level 5 of the Dungeon
   558 | D:5      | Reached skill level 1 in Conjurations
   558 | D:5      | Reached skill level 1 in Hexes
   558 | D:5      | Reached skill level 1 in Charms
   558 | D:5      | Reached skill level 1 in Summonings
   558 | D:5      | Reached skill level 1 in Translocations
   558 | D:5      | Reached skill level 1 in Transmutations
   558 | D:5      | Reached skill level 1 in Fire Magic
   558 | D:5      | Reached skill level 1 in Ice Magic
   558 | D:5      | Reached skill level 1 in Air Magic
   558 | D:5      | Reached skill level 1 in Earth Magic
   558 | D:5      | Reached skill level 1 in Poison Magic
   597 | D:4      | Noticed an ogre
   606 | D:4      | Killed an ogre
   606 | D:4      | Reached XP level 5. HP: 14/37 MP: 4/12
   651 | D:4      | Found a deep blue altar of Sif Muna.
   671 | D:4      | Killed from afar by an orc priest

Skill      XL: |  1  2  3  4 |
---------------+-------------+-----
Spellcasting   | 5 |  5.2
Invocations    | 1 |  1.8
Fighting       | 1 |  1.6
Short Blades   | 1 |  1.6
Long Blades    | 1 |  1.6
Axes           | 1 |  1.6
Maces & Flails | 1 |  1.6
Polearms       | 1 |  1.6
Staves         | 1 |  1.6
Slings         | 1 |  1.6
Bows           | 1 |  1.6
Crossbows      | 1 |  1.6
Throwing       | 1 |  1.6
Armour         | 1 |  1.6
Shields        | 1 |  1.6
Unarmed Combat | 1 |  1.6
Evocations     | 1 |  1.6
Conjurations   | 1 |  1.3
Hexes          | 1 |  1.3
Charms         | 1 |  1.3
Summonings     | 1 |  1.3
Translocations | 1 |  1.3
Transmutations | 1 |  1.3
Fire Magic     | 1 |  1.3
Ice Magic      | 1 |  1.3
Air Magic      | 1 |  1.3
Earth Magic    | 1 |  1.3
Poison Magic   | 1 |  1.3
Dodging        | |  4.8
Stealth        | |  4.4
Necromancy     | |  7.2

Action                   |  1- 3 |  4- 6 || total
-------------------------+-------+-------++-------
Melee: Spear             |    21 |    20 ||    41
       Bite              |     1 |     1 ||     2
 Cast: Pain              |    21 |    22 ||    43
       Regeneration      |     3 |     2 ||     5
Evoke: Wand              |       |     1 ||     1
  Use: Scroll            |     2 |       ||     2
 Stab: Sleeping          |     1 |       ||     1
Armor: Robe              |     2 |     5 ||     7
Dodge: Dodged            |    17 |    18 ||    35

Table legend:
 A = Turns spent in this place as a percentage of turns spent in the entire game.
 B = Non-inter-level travel turns spent in this place as a percentage of non-inter-level travel turns spent in the entire game.
 C = Inter-level travel turns spent in this place as a percentage of turns spent in this place.
 D = Turns resting spent in this place as a percentage of non-inter-level travel turns spent in this place.
 E = Turns spent auto-exploring this place as a percentage of non-inter-level travel turns spent in this place.
 F = Non-inter-level travel turns spent in this place divided by the number of levels of this place that you've seen.
                   A       B       C       D       E      F
               +-------+-------+-------+-------+-------+----------------------
         Total | 100.0 | 100.0 |   0.0 |   0.0 |   0.0 | 134.2
       Dungeon | 100.0 | 100.0 |   0.0 |   0.0 |   0.0 | 134.2
               +-------+-------+-------+-------+-------+----------------------

Table legend:
 A = Kills in this place as a percentage of kills in entire the game.
 B = Kills by you in this place as a percentage of kills by you in the entire game.
 C = Kills by friends in this place as a percentage of kills by friends in the entire game.
 D = Other kills in this place as a percentage of other kills in the entire game.
 E = Experience gained in this place as a percentage of experience gained in the entire game.
 F = Experience gained in this place divided by the number of levels of this place that you have seen.
                   A       B       C       D       E      F
               +-------+-------+-------+-------+-------+----------------------
         Total | 100.0 | 100.0 |   N/A |   N/A | 100.0 |  58.8
       Dungeon | 100.0 | 100.0 |   N/A |   N/A | 100.0 |  58.8
               +-------+-------+-------+-------+-------+----------------------

Vault maps used:
D:1:      mushboom_english_gardens
D:2:      minmay_shallow_snake_nest
D:3:      overflow_temple_1_default, serial_undead, serial_undead_d,
          serial_undead_e, serial_undead_e, serial_undead_c, hex_tiny, uniq_ijyb
D:4:      grunt_temple_overflow_open, temple_hall_moat
D:5:      gup_ossuary_entry_pyramid, first_ration, minmay_misc_feat_rows,
          serial_bayou_ford_a, uniq_pikel, uniq_grinder
